 Dungeon Crawl Stone Soup version 0.28-a0-655-g4eb62b627b (webtiles) character file.

Game seed: 10320855152982190708

6498 freelancePsychic the Fighter (level 11, -8/85 HPs)
             Began as a Djinni Earth Elementalist on Oct 13, 2021.
             Was a Priest of Makhleb.
             Mangled by a death yak simulacrum (40 damage)
             ... in an ice cave.
             The game lasted 00:14:09 (8260 turns).

freelancePsychic the Fighter (DjEE)                 Turns: 8260, Time: 00:14:10

Health: -8/85      AC:  8    Str:  7    XL:     11   Next: 19%
Gold:   658        EV: 11    Int: 20    God:    Makhleb [***...] SH:  0 Dex: 14

rFire   + + +      SeeInvis .   H - +9 staff of Olgreb {rPois∞}
rCold   . . .      Faith    .   (no shield)
rNeg    . . .      Spirit   .   a - +3 troll leather armour
rPois   ∞          Reflect  .   g - +0 helmet
rElec   .          Harm     .   E - scarf {rC+ rF+}
rCorr   .          Rampage  .   (no gloves)
Will    +....                   (boots unavailable)
Stlth   ++........              (no amulet)
HPRegen 1.24/turn               (no ring)
MPRegen 0.00/turn               (no ring)

@: flying
A: sickness immunity, fire resistance 2, cold vulnerability 1, float, innate
caster, hp casting, extra vitality 1
a: Renounce Religion, Evoke the Staff of Olgreb, Minor Destruction, Lesser
Servant of Makhleb


You were in an ice cave.
You worshipped Makhleb.
Makhleb was most pleased with you.
You visited 2 branches of the dungeon, and saw 12 of its levels.
You also visited: Ice Cave.

You collected 658 gold pieces.

Inventory:

Hand Weapons
 e - a +0 spear
 H - the +9 staff of Olgreb (weapon) {rPois∞}
   (You found it on level 5 of the Dungeon)

   If the wielder is skilled in Evocations, they can envenom those struck by it,
   dealing poison damage which bypasses armour.
   It enhances your poison magic.
   It grants immunity to poison.
   It can be evoked to radiate toxic energy, with effectiveness depending on
   Evocations skill.
Missiles
 c - 194 stones
 B - a throwing net
Armour
 a - a +3 troll leather armour (worn)
 b - a +0 robe
 g - a +0 helmet (worn)
 k - a +0 cloak
 q - a +0 buckler
 E - a scarf of resistance (worn)
Magical Staves
 x - a staff of fire
Jewellery
 u - a ring of ice
 w - a ring of see invisible
 G - a ring of willpower
Wands
 t - a wand of paralysis (26)
 z - a wand of iceblast (10)
 C - a wand of polymorph (10)
 D - a wand of flame (28)
Scrolls
 f - a scroll of magic mapping
 o - 3 scrolls of teleportation {@r4}
 p - a scroll of vulnerability {unknown}
 r - 4 scrolls of enchant weapon
 s - 2 scrolls of immolation
 v - 2 scrolls of noise
 y - a scroll of blinking {unknown}
 F - a scroll of torment {unknown}
Potions
 d - 4 potions of brilliance {unknown}
 h - a potion of lignification {unknown}
 i - 5 potions of attraction {unknown}
 j - 2 potions of degeneration {unknown}
 l - a potion of berserk rage {unknown}
 m - a potion of heal wounds {unknown}
 n - 2 potions of might {unknown}
 A - a potion of curing {unknown}
 I - a potion of flight {unknown}
 J - a potion of resistance {unknown}
 K - a potion of ambrosia {unknown}


   Skills:
 + Level 10.0 Fighting
 - Level 2.1 Dodging
 - Level 1.5 Stealth
 + Level 9.5 Spellcasting
 - Level 5.0 Evocations


You had 5 spell levels left.
You knew the following spells:

 Your Spells              Type           Power      Damage    Failure   Level
a - Sandblast             Erth           94%        2d19      1%          1
b - Searing Ray           Conj           94%        2d7       1%          2
c - Stone Arrow           Conj/Erth      94%        3d12      1%          3
d - Summon Lightning Spi  Summ/Air       47%        N/A       2%          4
e - Beastly Appendage     Tmut           94%        N/A       1%          1
f - Passwall              Tmut/Erth      39%        N/A       1%          2
g - Call Canine Familiar  Summ           47%        N/A       1%          3
h - Summon Ice Beast      Ice/Summ       47%        N/A       2%          4
i - Petrify               Tmut/Erth      47%        N/A       2%          4
Your spell library was empty.

Dungeon Overview and Level Annotations

Branches:
Dungeon (11/15)            Temple (1/1) D:5           IceCv (1/1)
   Lair: D:8-11         Orc: D:9-12

Altars:
Makhleb
Nemelex Xobeh
Okawaru
Sif Muna
Uskayaw
Vehumet
Wu Jian
Yredelemnul

Shops:
D:4 !   D:9 =   D:10 :

Annotations:
D:5 1 runed translucent door IceCv exclusion: ice statue


Innate Abilities, Weirdness & Mutations

You are immune to sickness and miasma.
You are immune to poison.
Your flesh is very heat resistant. (rF++)
You are vulnerable to cold. (rC-)
You float through the air rather than walking.
You learn spells naturally, not from books.
Your magical power is your life essence.
You have superior vitality. (+4 HP)


Message History

Casting: Stone Arrow (safe; 1% risk of failure)
Confirm with . or Enter, or press ? or * to list all spells.
Aiming: Stone Arrow (safe; 1% risk of failure)
Press: ? - help, Shift-Dir - straight line, f/p - ice statue
Aim: an ice statue (almost destroyed, 100% to hit)
The stone arrow hits the ice statue!!
You destroy the ice statue!
Makhleb accepts your kill.
You feel better. The death yak simulacrum gores you!
The death yak simulacrum freezes you!!
Your Fighting skill increases to level 10!
Really fly into a travel-excluded area?
Okay, then.
Okay, then.
Unknown command.
You see here a scroll of identify {@r1}.
Casting: Stone Arrow (safe; 1% risk of failure)
Confirm with . or Enter, or press ? or * to list all spells.
Aiming: Stone Arrow (safe; 1% risk of failure)
Press: ? - help, Shift-Dir - straight line, f - death yak simulacrum
Aim: a death yak simulacrum (100% to hit)
The stone arrow hits the death yak simulacrum!!
The death yak simulacrum is heavily damaged.
Casting: Stone Arrow (safe; 1% risk of failure)
Confirm with . or Enter, or press ? or * to list all spells.
Aiming: Stone Arrow (safe; 1% risk of failure)
Press: ? - help, Shift-Dir - straight line, f/p - death yak simulacrum
Aim: a death yak simulacrum (heavily damaged, 100% to hit)
The stone arrow hits the death yak simulacrum.
The death yak simulacrum is severely damaged.
The death yak simulacrum closely misses you.
Casting: Stone Arrow (safe; 1% risk of failure)
Confirm with . or Enter, or press ? or * to list all spells.
Aiming: Stone Arrow (safe; 1% risk of failure)
Press: ? - help, Shift-Dir - straight line, f/p - death yak simulacrum
Aim: a death yak simulacrum (severely damaged, 100% to hit)
The stone arrow hits the death yak simulacrum!
The death yak simulacrum is severely damaged.
The death yak simulacrum gores you. The death yak simulacrum freezes you!!!
You die...

##### ##.....
##....... ##Z.......
#### #@Z.......
##..## ##........
##....######.........
#.......##...........
#..∩∩.............⌠..
#....................
##....##..##.........
##..########........
#### 8........


You could see a death yak simulacrum and an elephant simulacrum.

Vanquished Creatures
  An ice statue (IceCv)
  2 ice devils (IceCv)
  A troll (D:9)
  2 redbacks (D:5)
  2 wyverns
  A steam dragon (D:9)
  5 vampire mosquitoes (D:10)
  An acid dragon (D:9)
  6 water moccasins
  An orc warrior (D:2)
  2 sky beasts
  A black bear (D:7)
  A necrophage (D:7)
  A centaur (D:5)
  An ogre (D:7)
  3 kobold brigands
  2 bullfrogs (D:7)
  A water moccasin zombie (D:5)
  A wyvern zombie (D:4)
  5 scorpions (D:5)
  A water moccasin skeleton (D:6)
  10 killer bees (D:5)
  3 wights (D:9)
  3 hounds
  3 centaur zombies
  3 jellies
  A bullfrog skeleton (D:6)
  A centaur skeleton (D:7)
  A scorpion zombie (D:3)
  2 iguanas (D:6)
  6 orc wizards
  A troll simulacrum (IceCv)
  A killer bee zombie (D:8)
  A wolf simulacrum (IceCv)
  4 gnolls
  9 adders
  A naga simulacrum (IceCv)
  10 white imps
  An ufetubus (D:6)
  An adder zombie (D:3)
  4 adder skeletons
  2 worms
  4 dart slugs
  23 orcs
  5 ball pythons
  11 endoplasms
  9 goblins
  5 hobgoblins
  22 kobolds
  A quokka (D:3)
  5 bats
  3 frilled lizards
  A giant cockroach zombie (D:3)
  A quokka skeleton (D:3)
  3 rats (D:2)
202 creatures vanquished.

Vanquished Creatures (collateral kills)
  A scorpion (D:7)
  A gnoll sergeant (D:10)
  A wight (D:9)
  3 white imps (D:11)
  An ufetubus (D:4)
  An orc (D:7)
8 creatures vanquished.

Grand Total: 210 creatures vanquished

Notes
Turn   | Place    | Note
-------+----------+-------------------------------------------
     0 | D:1      | freelancePsychic the Djinni Earth Elementalist began the
                  | quest for the Orb.
     0 | D:1      | Reached XP level 1. HP: 15/15 MP: 0/0
    63 | D:1      | Reached XP level 2. HP: 22/22 MP: 0/0
    85 | D:1      | Reached skill level 1 in Fighting
    88 | D:1      | Reached XP level 3. HP: 17/27 MP: 0/0
    88 | D:1      | Learned a level 1 spell: Beastly Appendage
   272 | D:1      | Found a faded altar of an unknown god.
   856 | D:2      | Reached XP level 4. HP: 24/33 MP: 0/0
  1168 | D:2      | Reached skill level 2 in Fighting
  1340 | D:2      | Reached XP level 5. HP: 38/38 MP: 0/0
  1340 | D:2      | Learned a level 2 spell: Searing Ray
  1534 | D:3      | Noticed an orc warrior
  1862 | D:3      | Reached XP level 6. HP: 41/45 MP: 0/0
  1880 | D:2      | Killed an orc warrior
  1881 | D:2      | Reached skill level 3 in Fighting
  2434 | D:4      | Found Oczi's Distillery.
  2536 | D:4      | Reached XP level 7. HP: 44/50 MP: 0/0
  2536 | D:4      | Learned a level 3 spell: Call Canine Familiar
  2787 | D:5      | Entered Level 5 of the Dungeon
  2808 | D:5      | Found a staircase to the Ecumenical Temple.
  2839 | D:5      | Reached skill level 5 in Spellcasting
  2850 | Temple   | Entered the Ecumenical Temple
  2887 | Temple   | Became a worshipper of Makhleb the Destroyer
  3131 | D:5      | Noticed a redback
  3132 | D:5      | Found a runed translucent gate.
  3132 | D:5      | Found a runed translucent gate.
  3132 | D:5      | Found a runed translucent door.
  3132 | D:5      | Noticed a redback
  3142 | D:5      | Found a runed translucent gate.
  3144 | D:5      | Noticed a water moccasin
  3144 | D:5      | Noticed a redback
  3144 | D:5      | Noticed a water moccasin
  3155 | D:5      | Found a runed translucent door.
  3163 | D:5      | Found the +9 staff of Olgreb {rPois∞}
  3352 | D:5      | Identified the +0 ring mail of Dramatic Exits {rCorr}
  3379 | D:5      | Reached skill level 4 in Fighting
  3551 | D:6      | Noticed a water moccasin
  3556 | D:6      | Killed a water moccasin
  3615 | D:6      | Noticed a water moccasin
  3618 | D:6      | Killed a water moccasin
  3619 | D:6      | Reached skill level 1 in Evocations
  3619 | D:6      | Reached XP level 8. HP: 52/58 MP: 0/0
  4787 | D:7      | Reached skill level 5 in Fighting
  5006 | D:7      | Reached XP level 9. HP: 61/65 MP: 0/0
  5006 | D:7      | Learned a level 4 spell: Summon Ice Beast
  5422 | D:7      | Reached * piety under Makhleb
  5443 | D:7      | Reached skill level 6 in Fighting
  6370 | D:5      | Reached skill level 5 in Evocations
  6374 | D:5      | Reached skill level 7 in Fighting
  6374 | D:5      | Reached XP level 10. HP: 36/75 MP: 0/0
  6779 | D:9      | Reached skill level 8 in Fighting
  6875 | D:9      | Reached ** piety under Makhleb
  7162 | D:9      | Found Nafomeh's Jewellery Emporium.
  7341 | D:10     | Entered Level 10 of the Dungeon
  7468 | D:10     | Reached skill level 9 in Fighting
  7573 | D:10     | Found Deng's Book Boutique.
  7849 | D:10     | Reached XP level 11. HP: 20/84 MP: 0/0
  7849 | D:10     | Learned a level 4 spell: Summon Lightning Spire
  8156 | D:11     | Found a frozen archway.
  8166 | D:11     | Reached *** piety under Makhleb
  8192 | IceCv    | Entered an ice cave
  8257 | IceCv    | Reached skill level 10 in Fighting
  8260 | IceCv    | Mangled by a death yak simulacrum

Illustrated notes

Levels and vault maps discovered:
D:1:      psy_arrival_spokes, layout_basic,
          hellmonk_ecumenical_altar_inner_sanctum, serial_bayou_ford_a
D:2:      layout_basic
D:3:      layout_loops_ring, serial_undead, serial_undead_d, serial_undead_a,
          serial_undead_e, serial_undead_e
D:4:      layout_loops_cross, serial_shops,
          nicolae_shop_competitors_out_of_business
D:5:      layout_basic, minmay_temple_entry_statues_pillars,
          minmay_guarded_unrand_staff_of_olgreb
D:6:      layout_layer_cave
D:7:      layout_loops_corners
D:8:      layout_basic, nicolae_vehumet_radiance
D:9:      layout_irregular_city, serial_shops, nicolae_shop_waterfront
D:10:     layout_irregular_city, serial_shops, shop
D:11:     layout_loops_ring, david_lair_generic, zombieorc1_lemuel,
          enter_bailey_2, portal_ice_cave_entry_imps,
          minmay_the_grid_square_5x5_3x3_mashed
          [minmay_the_grid_square_5x5_detours, minmay_the_grid_square_5x5_v,
          minmay_the_grid_square_5x5_two_small, minmay_the_grid_square_5x5_comb,
          minmay_the_grid_square_5x5_megaprize_open,
          minmay_the_grid_square_5x5_longway, minmay_the_grid_square_5x5_plus,
          minmay_the_grid_square_5x5_beaten_path, minmay_the_grid_square_5x5_n],
          uniq_sonja
Temple:   minmay_crystal_snake_temple
IceCv:    ice_cave_tombish

Skill      XL: |  1  2  3  4  5  6  7  8  9 10 11 |
---------------+----------------------------------+-----
Fighting       | 1 2 3 4 5 7 9 10 | 10.0
Spellcasting   | 3 4 5 6 7 9 |  9.5
Evocations     | 1 3 5 |  5.0
Dodging        | |  2.1
Stealth        | |  1.5

Action                   |  1- 3 |  4- 6 |  7- 9 | 10-12 || total
-------------------------+-------+-------+-------+-------++-------
Melee: Spear             |    69 |    50 |     3 |       ||   122
       Staff             |       |       |       |     1 ||     1
 Cast: Sandblast         |    23 |    67 |    13 |     4 ||   107
       Stone Arrow       |       |     4 |    96 |    98 ||   198
       Call Canine Famil |       |       |     2 |     1 ||     3
       Summon Ice Beast  |       |       |     1 |     3 ||     4
       Searing Ray       |       |       |       |     3 ||     3
       Summon Lightning  |       |       |       |     3 ||     3
 Abil: Evoke the Staff o |       |       |       |     7 ||     7
  Use: Scroll            |     1 |     5 |       |     6 ||    12
 Stab: Sleeping          |     1 |     2 |       |       ||     3
Armor: Troll leather arm |    19 |    15 |    10 |    27 ||    71
Dodge: Dodged            |    32 |    34 |    30 |    48 ||   144

Table legend: (Time is in decaauts)
 A = Elapsed time spent in this place.
 B = Non-inter-level travel time spent in this place.
 C = Inter-level travel time spent in this place.
 D = Time resting spent in this place.
 E = Time spent auto-exploring this place.
 F = Levels seen in this place.
 G = Mean time per level.
                   A        B        C        D        E       F      G
               +--------+--------+--------+--------+--------+-----+--------+
         Total |   8275 |   7811 |    464 |    109 |   6467 |  13 |  636.5 |
       Dungeon |   8140 |   7707 |    433 |     75 |   6436 |  11 |  740.0 |
        Temple |     67 |     37 |     30 |      0 |     31 |   1 |   67.0 |
      Ice Cave |     67 |     67 |      0 |     34 |      0 |   1 |   67.0 |
               +--------+--------+--------+--------+--------+-----+--------+

Top non-repeatable levels by time:
     D:6: 1303 daAuts
     D:5: 916 daAuts
     D:7: 904 daAuts
     D:1: 804 daAuts
     D:2: 775 daAuts
    D:10: 759 daAuts
     D:8: 734 daAuts
     D:9: 682 daAuts
     D:3: 661 daAuts
     D:4: 558 daAuts
  Temple: 67 daAuts
   IceCv: 67 daAuts
    D:11: 38 daAuts
